Map: [ESL] Inside and Out

Players

ShaDoWn

  • Race: Protoss Protoss
  • Spawn Location: 1:00

ShoWTimE - Winner!

  • Race: Protoss Protoss
  • Spawn Location: 7:00

Event: DreamHack SC2 Masters 2022 Atlanta (Online)

VOD

Have the link to the VOD?

Description

Time

  • Played on: Oct. 7, 2022, 2:44 p.m.
  • Length: 15:33

All games in this series

Show
View Real Time Build Order
Export as new Build Order

ShaDoWn Protoss 

Build Orders: Phoenix Opening, Mass Phoenix 

Get SALT Encoding   

  12  0:00  Probe  
  13  0:12  Probe  
  14  0:19  Pylon  
  14  0:24  Probe  
  15  0:37  Probe (Chrono Boost), Gateway  
  16  0:47  Probe (Chrono Boost), Assimilator  
  17  0:52  Probe (Chrono Boost)  
  18  1:03  Probe (Chrono Boost)  
  19  1:04  Assimilator  
  19  1:07  Pylon  
  19  1:13  Probe (Chrono Boost)  
  19  1:18  Probe (Chrono Boost)  
  20  1:25  Cybernetics Core  
  21  1:29  Probe  
  21  1:32  Zealot  
  24  1:41  Probe  
  25  1:57  Probe  
  26  2:03  Stargate  
  26  2:05  Stalker  
  28  2:09  Probe  
  29  2:30  Nexus  
  29  2:39  Pylon  
  29  2:45  Phoenix (Chrono Boost)  
  31  2:53  Pylon  
  31  2:57  Probe  
  32  3:01  Phoenix (Chrono Boost)  
  34  3:09  Probe  
  35  3:21  Probe  
  35  3:24  Twilight Council  
  35  3:26  Assimilator  
  35  3:30  Phoenix  
  38  3:35  Probe (Chrono Boost)  
  38  3:39  Warp Gate  
  38  3:43  Probe (Chrono Boost)  
  38  3:47  Probe (Chrono Boost)  
  40  3:53  Probe (Chrono Boost)  
  40  3:55  Probe (Chrono Boost)  
  42  3:59  Probe (Chrono Boost)  
  42  4:00  Phoenix (Chrono Boost)  
  45  4:03  Probe  
  46  4:10  Probe  
  46  4:13  Shield Battery  
  46  4:15  Probe  
  48  4:21  Phoenix (Chrono Boost)  
  50  4:24  Probe  
  50  4:29  Gateway  
  51  4:35  Pylon  
  51  4:40  Phoenix (Chrono Boost)  
  51  4:42  Probe  
  54  4:50  Dark Shrine  
  54  4:53  Probe  
  54  4:54  Probe  
  54  4:56  Assimilator  
  56  5:00  Phoenix (Chrono Boost)  
  56  5:05  Probe  
  56  5:06  Probe  
  60  5:08  Pylon  
  60  5:17  Probe  
  60  5:18  Probe  
  62  5:22  Pylon  
  62  5:26  Gateway  
  62  5:34  Probe  
  64  5:41  Probe  
  64  5:42  Phoenix (Chrono Boost)  
  66  5:49  Probe  
  67  5:56  Probe  
  68  6:02  Dark Templar x2  
  71  6:04  Probe  
  71  6:08  Pylon  
  72  6:14  Probe  
  72  6:17  Probe  
  74  6:25  Nexus  
  74  6:26  Dark Templar, Pylon  
  76  6:34  Probe  
  76  6:37  Pylon  
  76  6:38  Dark Templar  
  79  6:41  Probe  
  79  6:45  Dark Templar  
  79  6:46  Probe  
  81  6:48  Blink (Chrono Boost)  
  81  6:50  Pylon  
  81  6:53  Probe  
  78  6:58  Probe  
  78  6:59  Dark Templar  
  81  7:05  Probe  
  81  7:07  Gateway  
  80  7:10  Probe  
  80  7:13  Stalker  
  83  7:16  Gateway  
  83  7:17  Probe  
  83  7:18  Gateway  
  83  7:20  Stalker  
  85  7:22  Probe  
  85  7:24  Gateway  
  85  7:29  Probe  
  86  7:35  Stalker  
  88  7:37  Stalker x2  
  88  7:41  Probe  
  88  7:43  Shield Battery  
  88  7:48  Pylon  
  78  7:53  Probe  
  78  7:56  Probe  
  80  7:58  Stalker x2  
  80  7:59  Probe  
  85  8:11  Probe (Chrono Boost), Stalker x2  
  90  8:18  Stalker  
  92  8:23  Probe (Chrono Boost)  
  89  8:31  Probe (Chrono Boost)  
  89  8:32  Dark Templar  
  89  8:33  Dark Templar  
  94  8:38  Dark Templar x2  
  94  8:39  Stalker  
  96  8:44  Archon x2  
  98  8:49  Probe x2 (Chrono Boost)  
  98  8:50  Probe (Chrono Boost)  
  98  8:52  Stalker  
  98  8:55  Dark Templar  
  103  8:58  Probe (Chrono Boost)  
  103  9:00  Probe (Chrono Boost)  
  105  9:04  Dark Templar  
  105  9:05  Dark Templar  
  110  9:11  Probe  
  110  9:16  Archon, Stalker x2  
  115  9:17  Probe  
  115  9:20  Probe  
  116  9:25  Probe  
  116  9:29  Archon  
  116  9:30  Probe  
  114  9:35  Probe  
  114  9:38  Probe  
  116  9:39  Nexus  
  116  9:49  Shield Battery  
  116  9:50  Probe  
  116  9:51  Robotics Facility  
  117  9:59  Probe  
  114  10:02  Stalker  
  114  10:03  Stalker x4  
  114  10:05  Charge (Chrono Boost)  
  114  10:06  Probe  
  125  10:18  Probe (Chrono Boost)  
  123  10:23  Probe (Chrono Boost)  
  123  10:24  Probe (Chrono Boost)  
  113  10:29  Probe (Chrono Boost)  
  113  10:33  Probe (Chrono Boost)  
  113  10:34  Probe (Chrono Boost)  
  113  10:40  Zealot x6  
  125  10:43  Pylon  
  125  10:44  Pylon  
  125  10:45  Probe  
  125  10:48  Probe  
  125  10:49  Probe  
  125  10:51  Observer (Chrono Boost)  
  125  10:54  Probe  
  122  11:00  Probe  
  122  11:02  Probe  
  122  11:03  Probe  
  117  11:06  Probe  
  117  11:12  Probe  
  117  11:14  Probe  
  117  11:17  Probe  
  118  11:22  Probe  
  118  11:24  Probe  
  119  11:27  Probe  
  119  11:29  Probe  
  121  11:34  Probe, Pylon  
  121  11:36  Probe  
  121  11:39  Probe  
  119  11:44  Dark Templar, Probe  
  119  11:45  Dark Templar  
  124  11:50  Probe  
  124  11:54  Robotics Facility, Probe  
  126  11:55  Robotics Bay, Probe  
  126  11:57  Probe  
  126  11:59  Observer  
  129  12:02  Probe (Chrono Boost)  
  131  12:08  Probe (Chrono Boost)  
  131  12:14  Probe x2 (Chrono Boost)  
  134  12:16  Probe (Chrono Boost)  
  135  12:23  Templar Archives  
  135  12:24  Probe (Chrono Boost)  
  135  12:27  Probe  
  135  12:29  Probe  
  132  12:35  Probe  
  134  12:39  Observer  
  134  12:41  Disruptor x2 (Chrono Boost), Forge  
  140  12:51  Zealot x7  
  140  12:54  Pylon  
  140  12:55  Pylon  
  153  13:06  Disruptor (Chrono Boost)  
  153  13:09  Gateway  
  153  13:12  Gateway  
  156  13:14  Assimilator x2  
  135  13:29  Zealot x7  
  130  13:40  Observer (Chrono Boost)  
  114  13:48  Observer (Chrono Boost)  
  114  13:51  Probe  
  114  13:53  High Templar x4  
  114  13:54  High Templar  
  114  13:55  Zealot, High Templar  
  129  13:57  Archon x2  
  129  14:00  Archon  
  110  14:14  Oracle (Chrono Boost)  
  110  14:16  Observer (Chrono Boost)  
  98  14:19  Zealot x3  
  83  14:25  Zealot x2  
  83  14:26  Zealot x2  
  83  14:28  Zealot x2  
  81  14:43  Zealot x3  
  73  14:50  Zealot x4  
  73  14:55  Zealot x2  
Show
View Real Time Build Order
Export as new Build Order

ShoWTimE Protoss - Winner!

Build Orders: Phoenix Opening, Mass Phoenix 

Get SALT Encoding   

  12  0:00  Probe  
  13  0:12  Probe  
  14  0:17  Pylon  
  14  0:24  Probe (Chrono Boost)  
  15  0:36  Probe (Chrono Boost)  
  15  0:37  Gateway  
  16  0:45  Probe (Chrono Boost)  
  16  0:46  Assimilator  
  17  0:51  Probe  
  18  1:03  Probe (Chrono Boost)  
  19  1:04  Assimilator  
  19  1:05  Pylon  
  19  1:15  Probe (Chrono Boost)  
  20  1:22  Probe (Chrono Boost)  
  20  1:24  Cybernetics Core  
  21  1:29  Probe  
  21  1:30  Zealot  
  24  1:41  Probe  
  25  1:53  Probe  
  26  2:00  Stargate  
  26  2:03  Adept  
  28  2:21  Nexus  
  28  2:28  Pylon  
  28  2:31  Probe  
  29  2:43  Phoenix (Chrono Boost)  
  31  2:46  Probe  
  32  2:58  Probe  
  32  2:59  Phoenix (Chrono Boost)  
  34  3:10  Probe  
  35  3:14  Assimilator  
  35  3:20  Phoenix (Chrono Boost)  
  35  3:24  Probe (Chrono Boost)  
  38  3:34  Probe (Chrono Boost)  
  38  3:38  Phoenix  
  42  3:41  Probe (Chrono Boost)  
  42  3:43  Probe (Chrono Boost)  
  42  3:44  Stargate  
  42  3:48  Probe x2 (Chrono Boost)  
  44  3:54  Pylon  
  45  4:00  Probe  
  46  4:04  Phoenix (Chrono Boost)  
  46  4:06  Probe  
  49  4:12  Probe  
  49  4:14  Assimilator  
  50  4:18  Probe  
  50  4:24  Phoenix (Chrono Boost), Probe  
  52  4:29  Phoenix  
  56  4:32  Probe  
  56  4:35  Pylon  
  56  4:37  Probe  
  58  4:44  Phoenix (Chrono Boost)  
  60  4:52  Probe  
  61  4:54  Probe  
  61  4:59  Pylon  
  64  5:01  Phoenix (Chrono Boost)  
  64  5:05  Probe  
  64  5:07  Probe  
  66  5:08  Phoenix (Chrono Boost)  
  68  5:17  Pylon  
  68  5:22  Phoenix  
  70  5:34  Fleet Beacon  
  70  5:36  Pylon  
  70  5:38  Phoenix  
  72  5:43  Probe x2  
  76  6:04  Pylon  
  79  6:12  Oracle (Chrono Boost)  
  79  6:13  Robotics Facility  
  76  6:21  Oracle (Chrono Boost)  
  76  6:22  Probe  
  76  6:23  Probe  
  75  6:26  Stalker  
  71  6:35  Probe  
  71  6:36  Probe  
  69  6:47  Probe  
  70  6:48  Probe  
  69  6:59  Probe  
  69  7:00  Probe  
  71  7:02  Observer (Chrono Boost), Pylon  
  69  7:11  Probe  
  69  7:12  Probe  
  68  7:23  Probe  
  68  7:24  Probe  
  68  7:25  Warp Gate  
  70  7:35  Probe  
  70  7:36  Probe  
  72  7:42  Immortal (Chrono Boost)  
  72  7:46  Shield Battery  
  72  7:47  Shield Battery, Probe  
  72  7:48  Probe  
  76  7:59  Probe  
  76  8:00  Probe  
  76  8:03  Pylon  
  78  8:10  Anion Pulse-Crystals (Chrono Boost)  
  78  8:11  Probe  
  74  8:12  Probe  
  74  8:19  Nexus  
  74  8:22  Shield Battery  
  74  8:23  Probe  
  74  8:24  Probe  
  72  8:28  Immortal (Chrono Boost)  
  76  8:35  Probe  
  76  8:36  Phoenix  
  76  8:37  Probe  
  80  8:44  Phoenix  
  80  8:48  Probe  
  83  8:49  Probe  
  83  8:52  Pylon  
  84  8:57  Immortal (Chrono Boost)  
  84  9:00  Probe  
  84  9:01  Probe  
  90  9:06  Gateway  
  90  9:10  Pylon  
  90  9:16  Stalker  
  92  9:26  Nexus  
  92  9:29  Immortal  
  96  9:39  Pylon  
  96  9:43  Stalker  
  98  9:48  Twilight Council, Probe x2  
  98  9:49  Forge  
  100  10:04  Gateway  
  100  10:05  Sentry  
  100  10:06  Gateway  
  102  10:13  Immortal  
  106  10:14  Charge  
  107  10:21  Probe  
  107  10:23  Probe  
  107  10:26  Protoss Ground Weapons Level 1 (Chrono Boost)  
  108  10:33  Probe  
  107  10:41  Gateway  
  107  10:42  Gateway  
  101  10:57  Observer, Gateway  
  101  10:58  Gateway  
  102  11:08  Zealot x2  
  105  11:23  Probe  
  105  11:24  Probe  
  106  11:34  Templar Archives  
  106  11:38  Pylon  
  106  11:41  Nexus  
  106  11:43  Pylon  
  106  11:45  Dark Shrine  
  106  11:49  Zealot x2  
  106  11:50  Zealot x3  
  115  11:56  Pylon  
  115  11:58  Zealot x3  
  121  12:07  Observer (Chrono Boost)  
  120  12:14  High Templar x3  
  126  12:18  High Templar  
  126  12:19  Archon  
  126  12:22  Archon  
  128  12:23  Warp Prism (Chrono Boost)  
  128  12:26  Zealot x4  
  128  12:27  Protoss Ground Weapons Level 2  
  138  12:30  Pylon  
  138  12:40  Pylon  
  138  12:42  Shield Battery  
  138  12:45  Pylon  
  138  12:46  Pylon  
  138  12:59  Dark Templar  
  138  13:00  Zealot x3, Dark Templar x3  
  152  13:05  Probe, Pylon  
  153  13:14  Dark Templar  
  153  13:17  Probe  
  156  13:21  Observer x2  
  131  13:37  Zealot x7  
  136  13:41  Probe x3  
  138  13:53  Probe  
  135  13:56  Dark Templar  
  135  14:01  Pylon  
  135  14:06  Probe  
  135  14:09  Zealot x5  
  134  14:10  Zealot  
  136  14:21  Observer (Chrono Boost), Photon Cannon  
  137  14:27  Zealot  
  135  14:40  Observer  
  135  14:44  Zealot x7  
  124  15:01  Observer  
Tags
 
Add a new tag
Caveats
  • Supply blocks, unpowered buildings, or Contaminate may cause inaccurate times.
  • Supply counts are checked every 10 seconds.